 Dungeon Sprint DCSS version 0.18-a0-1800-gdc7a371 (webtiles) character file.

15792 Kidiri the Unseen (level 12, -2/63 HPs)
             Began as a Spriggan Enchanter on Apr 24, 2016.
             Was the Champion of Dithmenos.
             Engulfed by a cloud of freezing vapour (25 damage)
             ... in the Dungeon (Sprint I: "Red Sonja").
             The game lasted 00:12:33 (2104 turns).

Kidiri the Unseen (Spriggan Enchanter)              Turns: 2104, Time: 00:12:34

Health: -2/63      AC:  6    Str:  4    XL:     12   Next: 4%
Magic:  31/31      EV: 33    Int: 19    God:    Dithmenos [******]
Gold:   1453       SH:  0    Dex: 19    Spells: 7 memorised, 21 levels left

rFire  + . .     SeeInvis +     m - +9 dagger (venom)
rCold  x . .     Gourm    .     o - +4 robe of Night {+Inv MR+ SInv Stlth+}
rNeg   . . .     Faith    .     (shield restricted)
rPois  .         Spirit   .     (helmet restricted)
rElec  .         Dismiss  .     (no cloak)
rCorr  .         Reflect  .     (gloves unavailable)
SustAt .         Harm     .     (boots unavailable)
MR     +++..     NoTele   +     (no amulet)
Stlth  ++++++++++               (no ring)
                                a - ring of fire

@: wreathed by umbra, very quick, extremely resistant to hostile enchantments,
uncannily stealthy
A: unfitting armour, see invisible, herbivore 3, speed 3, slow metabolism 2
a: Shadow Step, Shadow Form, Renounce Religion, Evoke Invisibility


You were in the Dungeon.
You worshipped Dithmenos.
Dithmenos was exalted by your worship.
You were full.

You visited 1 branch You collected 3559 gold pieces.
You spent 2106 gold pieces at shops.

Inventory:

Hand Weapons
 m - a +9 dagger of venom (weapon)
Armour
 o - the +4 robe of Night (worn) {+Inv MR+ SInv Stlth+}
   (You bought it in a shop in the Dungeon)

   It affects your resistance to hostile enchantments.
   It lets you see invisible.
   It lets you turn invisible.
   It makes you more stealthy.
Jewellery
 a - a ring of fire (left hand)
Wands
 d - a wand of lightning (8/15)
 n - a wand of lightning (5/15)
Scrolls
 b - a scroll of fear
 j - a scroll of blinking
 r - a scroll of fog
Potions
 e - 2 potions of curing
 f - 2 potions of heal wounds
 g - a potion of haste
 h - 2 potions of magic
 i - a potion of berserk rage
 l - a potion of cancellation
 p - a potion of lignification {unknown}
Books
 k - a book of Spatial Translocations

   Spells                             Type                      Level
   a - Apportation                    Translocation                1
   b - Blink                          Translocation                2
   c - Shroud of Golubria             Charms/Translocation         2
   d - Portal Projectile              Translocation                3
   e - Teleport Other                 Translocation                3
   f - Passage of Golubria            Translocation                4
Comestibles
 c - a slice of pizza


   Skills:
 + Level 7.2 Fighting
 * Level 13.0 Short Blades
 + Level 6.5 Armour
 * Level 16.3 Dodging
 * Level 17.6 Stealth
 * Level 14.0 Spellcasting
 + Level 6.1 Conjurations
 + Level 10.9 Hexes
 + Level 1.5 Charms
 + Level 1.7 Translocations
 + Level 6.9 Ice Magic
 - Level 3.3 Invocations
 + Level 8.7 Evocations


You had 21 spell levels left.
You knew the following spells:

 Your Spells              Type           Power        Failure   Level  Hunger
a - Corona                Hex            ######.      1%          1    None
b - Ensorcelled Hibernat  Hex/Ice        ###...       1%          2    None
c - Confuse               Hex            ######..     1%          3    None
d - Tukima's Dance        Hex            ######..     1%          3    None
e - Dazzling Spray        Conj/Hex       #####...     1%          3    None
f - Shroud of Golubria    Chrm/Tloc      ###.......   4%          2    None
g - Passage of Golubria   Tloc           N/A          28%         4    None


Dungeon Overview and Level Annotations

Branches:
Dungeon (1/1)

Altars:
Cheibriados
Dithmenos
Elyvilon
Fedhas
Gozag
Kikubaaqudgha
Makhleb
Nemelex Xobeh
Okawaru
Pakellas
Qazlal
Ru
Sif Muna
Trog
Vehumet
Xom
Yredelemnul
Zin
The Shining One
Jiyva

Shops:
D %:[:=?::=[=?:[![%?

Annotations:
D Norris


Innate Abilities, Weirdness & Mutations

You are tiny and cannot use many weapons and most armour.
You have supernaturally acute eyesight.
You are a herbivore.
You cover ground extremely quickly.
You need consume almost no food.


Message History

You now have 1102 gold pieces (gained 27).
Really walk into a travel-excluded area?
You now have 1129 gold pieces (gained 27).
You now have 1156 gold pieces (gained 27).
You now have 1183 gold pieces (gained 27).
You now have 1210 gold pieces (gained 27).
You now have 1237 gold pieces (gained 27).
You now have 1264 gold pieces (gained 27).
You are engulfed in freezing vapours.
You emit a cloud of dark smoke.
You are engulfed in freezing vapours.
You see here 27 gold pieces.
You now have 1291 gold pieces (gained 27).
You now have 1318 gold pieces (gained 27).
You now have 1345 gold pieces (gained 27).
You now have 1372 gold pieces (gained 27).
You now have 1399 gold pieces (gained 27).
You now have 1426 gold pieces (gained 27).
You now have 1453 gold pieces (gained 27).
You are engulfed in freezing vapours.
You die...

§§≈§§+§.#§§^..#...###,,***,*,,≈##
≈§§§§#§.#§...§+.....#*,*,*,*,,≈,,
#+#####+###...#^....#,,***,*,,≈,#
)...###.+.#§..###++##,**,,,*,,≈##
#+###.###.#.§###..##*,,*+***,,≈#§
....+.∩##.#^)####..###,,,*,≈,,##§
#########.##+#$$#§.#.###,*,≈,,#.§
......§##.##[#$$.§.§§§.#,***,,#.§
......§§+.####$$@§...§.#,*,+,,##.
+++######§#,,+$§§§§.####+*,**'*#.
........#§#**##$$.###,,,,*,*≈≈≈##
.......#+§#,,,#####,,,****,*≈≈≈≈#
......≈####,,,,,,,,,***,,,,*≈≈≈≈≈
.....≈≈#*,,,,,,,*****,,,,****≈≈≈≈
...≈≈≈##*,,,,,,**,,,,,,,,*,,*'≈≈≈
≈≈≈≈### *,,,,,**,,,,,,,,,*,,,**≈≈
####+###*,,,,,*,,,,,,,,,,*,,,,***


There were no monsters in sight!

Vanquished Creatures
  A golden dragon (D)
  A shadow dragon (D)
  A lorocyproca (D)
  A hydra (D)
  2 centaur warriors (D)
  Sonja (D)
  2 unseen horrors (D)
  A lindwurm (D)
  A deep troll (D)
  An oklob plant (D)
  A gargoyle (D)
  2 kobold demonologists (D)
  4 demonic crawlers (D)
  A slime creature (D)
  Sigmund (D)
  2 redbacks (D)
  13 hogs (D)
  A yak (D)
  3 giant eyeballs (D)
  A wasp (D)
  7 necrophages (D)
  An ogre (D)
  8 jellies (D)
  Ijyb (D)
  2 ballistomycetes (D)
  A giant spore (D)
61 creatures vanquished.

Vanquished Creatures (others)
  A gargoyle (D)
  A giant spore (D)
2 creatures vanquished.

Grand Total: 63 creatures vanquished

Notes
Turn   | Place    | Note
--------------------------------------------------------------
     0 | D        | Kidiri the Spriggan Enchanter began the quest for the Orb.
     0 | D        | Reached XP level 1. HP: 9/9 MP: 5/5
     2 | D        | Noticed Ijyb
    19 | D        | Killed Ijyb
    19 | D        | Reached skill level 1 in Fighting
    19 | D        | Reached skill level 1 in Armour
    19 | D        | Reached skill level 5 in Stealth
    19 | D        | Reached XP level 2. HP: 10/14 MP: 4/7
    23 | D        | Learned a level 2 spell: Ensorcelled Hibernation
   121 | D        | Noticed an ogre
   123 | D        | Killed an ogre
   123 | D        | Reached skill level 7 in Stealth
   123 | D        | Reached skill level 5 in Spellcasting
   123 | D        | Reached skill level 1 in Ice Magic
   123 | D        | Reached XP level 3. HP: 18/18 MP: 7/10
   123 | D        | Reached XP level 4. HP: 23/23 MP: 8/12
   128 | D        | Learned a level 3 spell: Confuse
   132 | D        | Learned a level 3 spell: Tukima's Dance
   136 | D        | Learned a level 3 spell: Dazzling Spray
   158 | D        | Noticed Sigmund
   160 | D        | Killed Sigmund
   160 | D        | Reached skill level 5 in Short Blades
   160 | D        | Reached skill level 9 in Stealth
   160 | D        | Reached skill level 1 in Conjurations
   160 | D        | Reached skill level 5 in Hexes
   160 | D        | Reached XP level 5. HP: 27/27 MP: 13/15
   160 | D        | Reached XP level 6. HP: 32/32 MP: 13/16
   187 | D        | Found a snail-covered altar of Cheibriados.
   187 | D        | Found a viscous altar of Jiyva.
   187 | D        | Found a shadowy altar of Dithmenos.
   187 | D        | Found a blossoming altar of Fedhas.
   187 | D        | Noticed a slime creature
   206 | D        | Killed a slime creature
   206 | D        | Reached skill level 10 in Stealth
   208 | D        | Became a worshipper of Dithmenos the Shadowed
   247 | D        | Found a deep blue altar of Sif Muna.
   249 | D        | Found a radiant altar of Vehumet.
   290 | D        | Found Wikaerir's Book Emporium.
   290 | D        | Found a white marble altar of Elyvilon.
   290 | D        | Found a stormy altar of Qazlal.
   290 | D        | Found a burning altar of Makhleb.
   290 | D        | Found a sacrificial altar of Ru.
   290 | D        | Found an oddly glowing altar of Pakellas.
   290 | D        | Found a basalt altar of Yredelemnul.
   290 | D        | Found a glowing golden altar of the Shining One.
   290 | D        | Found a sparkling altar of Nemelex Xobeh.
   290 | D        | Found a shimmering altar of Xom.
   290 | D        | Found an opulent altar of Gozag.
   290 | D        | Found an ancient bone altar of Kikubaaqudgha.
   290 | D        | Found a glowing silver altar of Zin.
   290 | D        | Noticed a yak
   291 | D        | Found an iron altar of Okawaru.
   292 | D        | Killed a yak
   292 | D        | Reached skill level 1 in Invocations
   292 | D        | Reached XP level 7. HP: 36/36 MP: 17/19
   293 | D        | Found a bloodstained altar of Trog.
   309 | D        | Noticed Sonja
   313 | D        | Killed Sonja
   313 | D        | Reached * piety under Dithmenos
   313 | D        | Reached skill level 10 in Dodging
   313 | D        | Reached skill level 11 in Stealth
   313 | D        | Reached XP level 8. HP: 42/42 MP: 20/22
   329 | D        | Found Nailo Xon's Food Boutique.
   350 | D        | Noticed a deep troll
   354 | D        | Killed a deep troll
   354 | D        | Reached skill level 12 in Stealth
   367 | D        | Found Piypo's Armour Emporium.
   374 | D        | Bought the +4 robe of Night {+Inv MR+ SInv Stlth+} for 567 gold pieces
   407 | D        | Noticed a centaur warrior
   408 | D        | Noticed a centaur warrior
   410 | D        | Killed a centaur warrior
   410 | D        | Reached skill level 13 in Stealth
   410 | D        | Reached skill level 10 in Spellcasting
   410 | D        | Reached XP level 9. HP: 46/46 MP: 20/24
   412 | D        | Killed a centaur warrior
   412 | D        | Reached ** piety under Dithmenos
   441 | D        | Noticed an oklob plant
   443 | D        | Killed an oklob plant
   443 | D        | Reached skill level 5 in Fighting
   451 | D        | Reached skill level 14 in Stealth
   451 | D        | Reached skill level 5 in Ice Magic
   454 | D        | Reached skill level 10 in Short Blades
   478 | D        | Reached *** piety under Dithmenos
   486 | D        | Noticed an unseen horror
   487 | D        | Noticed an unseen horror
   495 | D        | Killed an unseen horror
   495 | D        | Reached skill level 5 in Armour
   495 | D        | Reached XP level 10. HP: 42/51 MP: 21/26
   498 | D        | Killed an unseen horror
   498 | D        | Reached skill level 5 in Evocations
   563 | D        | Reached **** piety under Dithmenos
   776 | D        | Reached ***** piety under Dithmenos
   799 | D        | Found Micwil's Book Shoppe.
   799 | D        | Found Xutaf's Armour Shop.
   799 | D        | Found Cutal's Jewellery Boutique.
   801 | D        | Found Harchyevo's Magic Scroll Emporium.
   801 | D        | Found Tiredgh's Book Shop.
   801 | D        | Found Hain's Book Shoppe.
   801 | D        | Found Siovabbaesch's Jewellery Boutique.
   801 | D        | Found Biurasenet's Antique Armour Emporium.
   805 | D        | Found Puituck's Jewellery Shop.
   806 | D        | Found Gostreu's Magic Scroll Shoppe.
   807 | D        | Found Javeok Hauc's Book Boutique.
   808 | D        | Found Ofust's Distillery.
   808 | D        | Found Cycum's Armour Boutique.
   809 | D        | Found Did Egae's Food Emporium.
   982 | D        | Bought a scroll of identify for 22 gold pieces
   985 | D        | Bought a scroll of identify for 22 gold pieces
   985 | D        | Bought a scroll of identify for 22 gold pieces
   985 | D        | Bought a scroll of identify for 22 gold pieces
  1092 | D        | Reached skill level 15 in Stealth
  1131 | D        | Reached skill level 5 in Conjurations
  1140 | D        | Reached ****** piety under Dithmenos
  1305 | D        | Noticed a lindwurm
  1307 | D        | Killed a lindwurm
  1307 | D        | Reached XP level 11. HP: 55/56 MP: 28/28
  1328 | D        | Reached skill level 16 in Stealth
  1330 | D        | Reached skill level 10 in Hexes
  1336 | D        | Reached skill level 15 in Dodging
  1355 | D        | Noticed a 12-headed hydra
  1357 | D        | Killed a 12-headed hydra
  1454 | D        | Bought an uncursed ring of fire for 250 gold pieces
  1591 | D        | Noticed a shadow dragon
  1592 | D        | Noticed a golden dragon
  1593 | D        | Killed a golden dragon
  1593 | D        | Reached skill level 17 in Stealth
  1595 | D        | Killed a shadow dragon
  1670 | D        | Found Loseq's Magic Scroll Shoppe.
  1689 | D        | Bought 3 scrolls of enchant weapon for 292 gold pieces
  1689 | D        | Bought a scroll of enchant weapon for 97 gold pieces
  1694 | D        | Bought a scroll of enchant weapon for 97 gold pieces
  1794 | D        | Bought a book of Spatial Translocations for 715 gold pieces
  1797 | D        | Learned a level 2 spell: Shroud of Golubria
  1802 | D        | Learned a level 4 spell: Passage of Golubria
  1972 | D        | Noticed Norris
  1972 | D        | Noticed a lorocyproca
  1985 | D        | Killed a lorocyproca
  1985 | D        | Reached skill level 1 in Charms
  1985 | D        | Reached skill level 1 in Translocations
  1985 | D        | Reached XP level 12. HP: 51/63 MP: 29/31
  2104 | D        | Engulfed by a cloud of freezing vapour

Vault maps used:
D:        dungeon_sprint_1

Skill      XL: |  1  2  3  4  5  6  7  8  9 10 11 |
---------------+----------------------------------+-----
Fighting       | 1 2 3 4 5 6 7 |  7.2
Short Blades   | 2 4 5 6 7 9 10 11 13 | 13.0
Armour         | 1 2 3 4 5 6 |  6.5
Dodging        | 4 6 7 9 10 11 13 14 16 | 16.3
Stealth        | 5 7 9 10 11 13 14 15 17 | 17.6
Spellcasting   | 3 5 6 8 9 10 11 12 14 | 14.0
Hexes          | 4 5 6 7 8 9 10 | 10.9
Ice Magic      | 1 2 3 4 5 6 |  6.9
Conjurations   | 1 2 3 4 5 6 |  6.1
Invocations    | 1 2 3 |  3.3
Evocations     | 2 4 6 8 |  8.7
Charms         | 1 |  1.5
Translocations | 1 |  1.7

Action                   |  1- 3 |  4- 6 |  7- 9 | 10-12 || total
-------------------------+-------+-------+-------+-------++-------
Melee: Dagger            |    13 |    14 |    15 |    81 ||   123
 Cast: Corona            |     2 |       |       |       ||     2
       Dazzling Spray    |       |     2 |       |    12 ||    14
       Ensorcelled Hiber |       |       |     2 |    12 ||    14
Invok: Shadow Step       |       |       |       |     3 ||     3
 Abil: Evoke Invisibilit |       |       |     1 |     3 ||     4
  Use: Scroll            |       |       |       |    18 ||    18
       Potion            |       |       |       |     2 ||     2
 Stab: Sleeping          |     2 |     3 |     9 |    37 ||    51
       Invisible         |       |     2 |     1 |     5 ||     8
  Eat: Bread ration      |       |       |       |     1 ||     1
Armor: Robe              |     1 |       |       |     2 ||     3
Dodge: Dodged            |     9 |     7 |    10 |    87 ||   113
